 Dungeon Crawl Stone Soup version 0.17-a0-2231-gd80ca38 (webtiles) character file.

56 Maka the Insei (level 3, -3/28 HPs)
             Began as a Draconian Transmuter on Oct 29, 2015.
             Killed from afar by Natasha (5 damage)
             ... with a wand of flame
             ... on level 2 of the Dungeon.
             The game lasted 00:05:08 (1722 turns).

Maka the Insei (Draconian Transmuter)               Turns: 1722, Time: 00:05:08

Health: -3/28      AC:  5    Str: 12    XL:     3   Next: 71%
Magic:  5/6        EV: 12    Int: 13    God:
Gold:   72         SH:  0    Dex: 12    Spells: 3 memorised, 0 levels left

rFire  . . .     SeeInvis .       - Unarmed
rCold  . . .     Clarity  .     (armour unavailable)
rNeg   . . .     SustAt   .     (no shield)
rPois  .         Gourm    .     (helmet restricted)
rElec  .         Spirit   .     (no cloak)
rCorr  .         Warding  .     (no gloves)
rMut   .         Stasis   .     (boots currently unavailable)
MR     .....                    (no amulet)
Stlth  +.........               (no ring)
                                (no ring)

@: appendage (expiring), not resistant to hostile enchantments, very unstealthy
A: unfitting armour, talons 3, cold-blooded, AC +5
a: End Transformation


You were on level 2 of the Dungeon.
You were hungry.
You had grown temporary talons.
You visited 1 branch of the dungeon, and saw 2 of its levels.

You collected 72 gold pieces.

Inventory:

Missiles
 a - 12 arrows
Jewellery
 l - an uncursed amulet of regeneration {unknown}
Wands
 Z - a wand of teleportation (3)
Scrolls
 d - a scroll of magic mapping {unknown}
 k - a scroll of immolation
Potions
 e - a potion of might
 f - a potion of curing {unknown}
 g - a potion of heal wounds {unknown}
 h - a potion of brilliance {unknown}
 j - a potion of haste {unknown}
Books
 b - a book of Changes

   Spells                             Type                      Level
   a - Beastly Appendage              Transmutation                1
   b - Sticks to Snakes               Transmutation                2
   c - Spider Form                    Transmutation/Poison         3
   d - Ice Form                       Ice/Transmutation            4
   e - Blade Hands                    Transmutation                5
Comestibles
 c - 3 bread rations
 o - a meat ration


   Skills:
 - Level 1.1 Fighting
 - Level 1.7 Dodging
 + Level 4.7 Unarmed Combat
 - Level 2.0 Spellcasting
 - Level 2.0 Transmutations


You couldn't memorise any spells.
You knew the following spells:

 Your Spells              Type           Power        Failure   Level  Hunger
a - Beastly Appendage     Trmt           #.....       12%         1    ##.....
b - Sticks to Snakes      Trmt           #.........   17%         2    ###....
c - Spider Form           Trmt/Pois      #.........   52%         3    ####...


Dungeon Overview and Level Annotations

Branches:
Dungeon (2/15)

Altars:

Annotations:
D:2 Natasha


Innate Abilities, Weirdness & Mutations

Your plain brown scales are hard (AC +5).
Your body does not fit into most forms of armour.
You are cold-blooded and may be slowed by cold attacks.
You have claws for feet.


Message History

You hit Natasha. You claw Natasha, but do no damage.
Natasha is severely wounded.
Natasha zaps a wand.
The puff of flame misses you.
You closely miss Natasha.
Natasha is severely wounded.
Natasha casts a spell at you. You resist with significant effort.
You hit Natasha. Your kick misses Natasha.
Natasha is almost dead.
Natasha zaps a wand.
The puff of flame hits you!
You completely miss Natasha.
Natasha is almost dead.
Natasha zaps a wand.
The puff of flame hits you!
* * * LOW HITPOINT WARNING * * *
You hit Natasha. Your kick misses Natasha. You punch Natasha, but do no damage.
Natasha is almost dead.
Natasha wildly gestures.
You feel troubled.
Natasha zaps a wand.
The puff of flame hits you!
You die...

######## #.@....#
#h####.# .# #.# #.#
.## #.#. #.####..#
# #.#..#.......# #.
..#..........#.#[##
#.....#......#.#...
#.....#........###.
#.....#.....#......


You could see Natasha.

Vanquished Creatures
  An adder (D:2)
  A worm (D:2)
  7 bats
  3 giant cockroaches (D:1)
  5 goblins
  4 hobgoblins
  4 jackals (D:1)
  9 kobolds
  A quokka (D:2)
  3 giant newts
  5 rats (D:1)
43 creatures vanquished.

Notes
Turn   | Place    | Note
--------------------------------------------------------------
     0 | D:1      | Maka the Draconian Transmuter began the quest for the Orb.
     0 | D:1      | Reached XP level 1. HP: 16/16 MP: 3/3
   194 | D:1      | Reached XP level 2. HP: 7/23 MP: 5/5
   565 | D:1      | Learned a level 2 spell: Sticks to Snakes
   638 | D:1      | Reached skill level 4 in Unarmed Combat
   877 | D:1      | Reached XP level 3. HP: 28/28 MP: 6/6
  1293 | D:2      | Learned a level 3 spell: Spider Form
  1715 | D:2      | Noticed Natasha
  1722 | D:2      | Killed from afar by Natasha

Vault maps used:
D:1:      ncdulo_watergridlock
D:2:      lemuel_round_altar, first_bread, solitary_fountain, uniq_terence,
          uniq_natasha, uniq_jessica

Action                   || total
-------------------------++-------
Melee: Unarmed           ||   155
 Cast: Beastly Appendage ||     5
  Use: Scroll            ||     7
 Stab: Distracted        ||     1
  Eat: Chunk             ||     2
